 Dungeon Crawl Stone Soup version 0.31-a0-986-g5e6e4ef867 (webtiles) character file.

Game seed: 14086994455129012001

51 wildpjah the Covered (level 3, -2/23 HPs)
             Began as a Tengu Fighter on Nov 21, 2023.
             Slain by a goblin
             ... wielding a +0 club
             ... led by Robin
              (5 damage)
             ... on level 2 of the Dungeon.
             The game lasted 00:01:18 (1085 turns).

wildpjah the Covered (Tengu Fighter)                Turns: 1085, Time: 00:01:19

Health: -2/23      AC:  7    Str: 16    XL:     3   Next: 81%
Magic:  4/4        EV:  9    Int:  8    God:
Gold:   18         SH:  5    Dex: 15    Spells: 2/2 levels left

rFire   . . .        a - +0 long sword
rCold   . . .        c - +0 buckler
rNeg    . . .        b - +0 scale mail
rPois   .            (helmet restricted)
rElec   .            (no cloak)
rCorr   .            (no gloves)
SInv    .            (boots unavailable)
Will    .....        i - amulet of magic regeneration Stlth
                     (no ring)
HPRegen 0.23/turn    (no ring)
MPRegen 0.49/turn

%: acrobat
@: lethally poisoned (-2 -> -6)
A: beak, talons 3, acrobatic
a: no special abilities


You were on level 2 of the Dungeon.
You visited 1 branch of the dungeon, and saw 2 of its levels.

You collected 18 gold pieces.

Inventory:

Hand Weapons
 a - a +0 long sword (weapon)
Armour
 b - a +0 scale mail (worn)
 c - a +0 buckler (worn)
Jewellery
 i - an amulet of magic regeneration (around neck)
Scrolls
 e - a scroll of revelation {unknown}
 f - a scroll of teleportation {unknown}
 g - a scroll of amnesia {unknown}
 h - 6 scrolls of identify {unknown}
 j - a scroll of fog {unknown}
Potions
 d - 2 potions of might


   Skills:
 * Level 3.4 Fighting
 + Level 2.7 Long Blades
 * Level 3.8 Armour
 * Level 1.0 Dodging
 + Level 0.2 Stealth
 + Level 3.2 Shields


You had 2 spell levels left.
You didn't know any spells.
Your spell library was empty.

Dungeon Overview and Level Annotations

Branches:
Dungeon (2/15)

Altars:


Innate Abilities, Weirdness & Mutations

You have a beak for a mouth.
You have claws for feet.
You can magically evade attacks while moving or waiting.


Message History

You hit Robin but do no damage. Robin barely misses you.
You barely miss Robin. You claw Robin, but do no damage.
Robin roars a battlecry!
The goblins go into a battle-frenzy!
The goblin closely misses you.
Robin roars a battlecry!
The goblins go into a battle-frenzy!
You barely miss Robin. Robin closely misses you.
The goblin hits you but does no damage.
You barely miss Robin. Your peck misses Robin.
The goblin hits you but does no damage.
You hit Robin but do no damage. You claw Robin.
You peck Robin, but do no damage.
Robin is moderately wounded.
The goblin completely misses you. Robin hits you with a +0 whip of venom.
You slash Robin! Your kick misses Robin.
Robin is severely wounded.
You block the goblin's attack. Robin throws the goblin at you!
A giant cockroach comes into view.
Robin throws the goblin at you! The goblin hits you with a +0 dagger.
The goblin closely misses you.
You hit Robin.
Robin is almost dead.
The goblin hits you with a +0 dagger. The goblin barely misses you.
The goblin hits you but does no damage. Robin hits you but does no damage.
You are poisoned.
You slash Robin!
You kill Robin!
You feel very sick. The goblin closely misses you.
The goblin barely misses you.
The goblin hits you with a +0 dagger. x2; The hobgoblin hits you.
* * * LOW HITPOINT WARNING * * *
You block the goblin's attack. The goblin closely misses you.
Your Dodging skill increases to level 1!
Okay, then.
You hit the goblin.
You kill the goblin!
* * * LOW HITPOINT WARNING * * *
You feel sick. The goblin hits you with a +0 club.
You die...

##.#...#........
# #....#######.
.....##..# ...#.
##.# .###. #.#
#.#####.#
#.......#
##.g#####
##g@).# #gg##.#
.>gg## .. ...B##
... .... ##. ...
..


You could see a giant cockroach, 3 hobgoblins and 3 goblins.

Vanquished Creatures
  Robin (D:2)
  A dart slug (D:1)
  2 ball pythons
  2 endoplasms (D:1)
  3 giant cockroaches
  6 goblins
  6 hobgoblins
  2 quokkas (D:1)
  A bat (D:2)
  6 kobolds (D:1)
  2 rats (D:1)
32 creatures vanquished.

Notes
Turn   | Place    | Note
-------+----------+-------------------------------------------
     0 | D:1      | wildpjah the Tengu Fighter began the quest for the Orb.
     0 | D:1      | Reached XP level 1. HP: 14/14 MP: 2/2
   144 | D:1      | Reached XP level 2. HP: 19/19 MP: 3/3
   568 | D:1      | Reached XP level 3. HP: 23/23 MP: 4/4
  1073 | D:2      | Noticed Robin
  1084 | D:2      | Killed Robin
  1085 | D:2      | Reached skill level 1 in Dodging
  1085 | D:2      | Slain by a goblin

Illustrated notes

Levels and vault maps discovered:
D:1:      lemuel_arrival_behind_the_door_large, layout_basic, st_stairs_11,
          hangedman_decor_growths, hex_medium
D:2:      layout_rooms, uniq_terence, uniq_robin

Skill      XL: |  1  2  3 |
---------------+----------+-----
Dodging        | 1 |  1.0
Fighting       | |  3.4
Long Blades    | |  2.7
Armour         | |  3.8
Stealth        | |  0.2
Shields        | |  3.2

Action                     || total
---------------------------++-------
  Melee: Long sword        ||    69
         Kick              ||    19
         Peck              ||     9
 Armour: Scale mail        ||    47
  Dodge: Dodged            ||    37
  Block: Buckler           ||    17

Table legend: (Time is in decaauts)
 A = Elapsed time spent in this place.
 B = Non-inter-level travel time spent in this place.
 C = Inter-level travel time spent in this place.
 D = Time resting spent in this place.
 E = Time spent auto-exploring this place.
 F = Levels seen in this place.
 G = Mean time per level.
                   A        B        C        D        E       F      G
               +--------+--------+--------+--------+--------+-----+--------+
         Total |   1106 |   1102 |      4 |      0 |    932 |   2 |  553.0 |
       Dungeon |   1106 |   1102 |      4 |      0 |    932 |   2 |  553.0 |
               +--------+--------+--------+--------+--------+-----+--------+

Top non-repeatable levels by time:
     D:1: 1039 daAuts
     D:2: 67 daAuts
